Map: Blackburn LE

Players

freebuttouch

  • Race: Zerg Zerg
  • League: Diamond

Admiral - Winner!

  • Race: Protoss Protoss
  • League: Diamond

VOD

Have the link to the VOD?

Description

Time

  • Played on: Aug. 17, 2021, 6:45 p.m.
  • Length: 5:55
Show
View Real Time Build Order
Export as new Build Order

freebuttouch Zerg 

Build Orders: Hatch First 

Get SALT Encoding   

  12  0:00  Drone  
  13  0:15  Overlord  
  13  0:18  Drone  
  14  0:33  Drone x2  
  16  1:07  Hatchery  
  16  1:08  Drone x3  
  18  1:39  Spawning Pool  
  17  1:41  Extractor  
  17  2:08  Hatchery  
  12  2:37  Drone x2  
  12  2:38  Drone  
  15  2:48  Drone  
  16  3:07  Zergling x2  
  16  3:10  Queen  
  16  3:12  Zergling x2  
  20  3:17  Spine Crawler  
  19  3:52  Lair  
  18  4:04  Drone x6  
  24  4:16  Drone  
  25  4:17  Roach Warren  
  25  4:20  Drone  
  25  4:26  Drone  
  25  4:27  Drone  
  27  4:37  Spore Crawler  
  26  4:47  Zergling x4  
  26  4:49  Overlord x2  
  28  4:53  Overlord  
  28  5:03  Spore Crawler  
  27  5:15  Spine Crawler  
  27  5:17  Zergling x2  
  27  5:18  Zergling x8  
Show
View Real Time Build Order
Export as new Build Order

Admiral Protoss - Winner!

Build Orders:  

Get SALT Encoding   

  12  0:00  Probe  
  13  0:12  Probe  
  14  0:18  Pylon  
  14  0:24  Probe  
  15  0:36  Forge  
  15  0:41  Probe  
  16  0:53  Pylon  
  16  0:57  Probe  
  17  1:10  Probe  
  18  1:19  Pylon  
  18  1:25  Pylon  
  18  1:26  Pylon  
  18  1:30  Photon Cannon  
  18  1:37  Probe  
  19  1:42  Gateway  
  19  1:49  Probe  
  20  2:15  Pylon  
  20  2:22  Photon Cannon  
  20  2:24  Pylon  
  20  2:32  Gateway  
  20  2:36  Gateway  
  21  2:37  Probe  
  21  2:38  Assimilator  
  21  2:42  Assimilator  
  21  2:49  Probe  
  21  3:00  Cybernetics Core  
  21  3:01  Probe  
  22  3:13  Probe  
  22  3:14  Pylon  
  22  3:18  Photon Cannon  
  23  3:29  Warp Gate (Chrono Boost)  
  23  3:33  Photon Cannon  
  23  3:42  Photon Cannon  
  23  3:45  Pylon  
  22  4:02  Gateway  
  22  4:05  Pylon  
  22  4:06  Pylon  
  22  4:11  Probe  
  23  4:27  Probe  
  24  4:58  Stalker x3  
  24  4:59  Stalker  
  32  5:00  Pylon  
  32  5:04  Shield Battery  
  32  5:18  Shield Battery  
  32  5:23  Photon Cannon  
  32  5:25  Shield Battery  
  32  5:27  Pylon  
  31  5:53  Stalker x3  
Tags
 
Add a new tag
Caveats
  • Supply blocks, unpowered buildings, or Contaminate may cause inaccurate times.
  • Supply counts are checked every 10 seconds.